Bruins vs Blue Jackets
Created - 31 octobre 2013 at 19:00
Goals
|
| Bruins |
1 |
5 |
1 |
7 |
| Blue Jackets |
1 |
0 |
1 |
2 |
|
Shots
|
| Bruins |
8 |
14 |
9 |
31 |
| Blue Jackets |
21 |
4 |
8 |
33 |
|
1st period
1. Bruins , Jeff Carter 2 (Vitali Yachmenev, Andrew Alberts) at 7:13 (PP)
2. Blue Jackets , David Booth 3 (Marc Savard) at 12:45 (PP)
Penalties :
Marc Savard (Clb) for Interference (Minor) at 1:34, David Booth (Clb) for Hooking (Minor) at 6:02, Andrew Alberts (Bos) for Hooking (Minor) at 12:37
2nd period
3. Bruins , Eric Lindros 4 (Wojtek Wolski, Andrew Alberts) at 2:24
4. Bruins , Daniel Briere 5 (Wojtek Wolski) at 3:29 (PP)
5. Bruins , Eric Lindros 5 (Zdeno Chara) at 12:34
6. Bruins , Eric Lindros 6 (Zdeno Chara, Wojtek Wolski) at 12:44
7. Bruins , Matt Cooke 1 (Vitali Yachmenev, Wojtek Wolski) at 14:13
Penalties :
Wade Redden (Clb) for Hooking (Minor) at 2:25, Marc Savard (Clb) for Hooking (Minor) at 8:10, Shaone Morrisonn (Clb) for Elbowing (Minor) at 10:28, Marc Savard (Clb) for Elbowing (Minor) at 12:24, Martin Erat (Bos) for Cross-checking (Minor) at 12:24, Victor Oreskovich (Bos) for Tripping (Minor) at 15:22
3rd period
8. Blue Jackets , Ben Guite 2 (Michael Frolik, Shaone Morrisonn) at 5:35
9. Bruins , Wojtek Wolski 3 (Daniel Briere, Vitali Yachmenev) at 17:02
Penalties :
Mark Stuart (Bos) for High sticking (Double Minor) at 0:15, Daniel Briere (Bos) for Hooking (Minor) at 5:40, Jason Ward (Clb) for Slashing (Minor) at 8:39, Branislav Mezei (Clb) for Fighting (Major) at 13:37, Eric Lindros (Bos) for Fighting (Major) at 13:37, Marcus Nilson (Clb) for Fighting (Major) at 16:48, Zdeno Chara (Bos) for Fighting (Major) at 16:48
Goalie Stats
Evgeni Nabokov (Bos), 31 saves from 33 shots - (0,939), W, 4-1-0, 60:00 minutes
Jaroslav Halak (Clb), 10 saves from 13 shots - (0,769), 27:26 minutes
Miika Kiprusoff (Clb), 14 saves from 18 shots - (0,778), L, 2-3-0, 32:34 minutes
Players Stats for Bruins
Player Name G A P +/- PIM S H SB GA TA FO MP PP MP PK MP
------------------------------------------------------------------------------------
Andrew Alberts 0 2 2 3 2 1 2 0 0 4 0/0 30:44 5:44 4:01
Christoph Schubert 0 0 0 1 0 0 0 0 0 1 0/0 18:06 4:24 3:42
Daniel Briere 1 1 2 2 2 3 3 0 0 0 0/2 20:22 5:59 1:06
Dave Bolland 0 0 0 0 0 0 0 0 0 0 0/0 7:34 0:00 1:21
Eric Lindros 3 0 3 3 5 4 3 0 0 0 19/33 22:14 6:02 3:53
Éric Perrin 0 0 0 -1 0 3 0 2 0 0 2/2 9:03 0:00 0:09
Jeff Carter 1 0 1 0 0 3 2 1 0 0 4/8 15:07 3:47 0:00
Mark Stuart 0 0 0 0 4 1 0 0 0 0 0/0 14:50 0:00 2:13
Martin Erat 0 0 0 -1 2 1 2 1 1 0 1/1 9:38 0:21 0:00
Matt Cooke 1 0 1 1 0 2 0 0 0 1 0/0 9:38 0:22 2:46
Michal Grosek 0 0 0 -1 0 3 0 1 1 0 2/2 11:44 0:19 2:25
Richard Lintner 0 0 0 1 0 1 0 1 0 1 0/0 11:36 0:00 1:27
Ryan O'Byrne 0 0 0 1 0 0 2 0 0 1 0/0 20:22 4:24 3:56
Scott Hartnell 0 0 0 0 0 1 0 0 0 0 1/1 16:13 3:47 0:40
Victor Oreskovich 0 0 0 0 2 0 2 0 0 0 0/0 11:21 0:00 0:00
Vitali Yachmenev 0 3 3 2 0 2 0 0 1 0 4/6 12:30 3:47 0:00
Wojtek Wolski 1 4 5 4 0 5 3 0 2 0 2/3 24:26 5:59 3:50
Zdeno Chara 0 2 2 2 5 1 0 0 0 1 0/0 24:21 5:44 0:51
Players Stats for Blue Jackets
Player Name G A P +/- PIM S H SB GA TA FO MP PP MP PK MP
------------------------------------------------------------------------------------
Ales Kotalik 0 0 0 0 0 0 1 0 0 0 0/0 14:52 3:15 0:00
Andrew Ebbett 0 0 0 -2 0 0 1 1 0 0 2/7 13:06 0:46 1:28
Ben Guite 1 0 1 1 0 3 2 0 0 0 0/0 7:03 0:52 0:00
Brad Stuart 0 0 0 1 0 0 1 3 2 1 0/0 10:48 0:32 0:00
Branislav Mezei 0 0 0 0 5 1 1 3 2 0 0/0 18:59 3:04 4:25
David Booth 1 0 1 -3 2 3 1 1 1 1 1/1 20:42 3:58 3:49
Derek Morris 0 0 0 0 0 1 0 3 0 0 0/0 21:08 3:04 4:25
Greg Campbell 0 0 0 0 0 1 0 0 0 0 1/5 10:17 0:00 3:02
Jan Bulis 0 0 0 0 0 0 2 0 1 0 4/12 17:58 3:15 3:00
Jason Ward 0 0 0 0 2 2 1 0 0 0 0/0 8:00 0:00 0:00
Kevin Bieksa 0 0 0 -5 0 6 0 0 2 0 0/0 29:49 4:29 5:46
Ladislav Nagy 0 0 0 0 0 1 1 0 1 0 0/0 9:52 0:52 0:16
Marc Savard 0 1 1 -2 6 6 0 0 0 1 15/29 21:20 4:04 3:19
Marcus Nilson 0 0 0 0 5 3 1 0 0 1 0/1 13:49 3:15 0:00
Michael Frolik 0 1 1 1 0 3 0 0 0 0 0/0 6:11 0:00 0:00
Pavel Bure 0 0 0 -3 0 2 1 0 0 0 0/3 24:27 3:58 5:24
Shaone Morrisonn 0 1 1 0 2 0 0 1 0 1 0/0 10:09 0:32 0:37
Wade Redden 0 0 0 -5 2 1 1 3 0 0 0/0 29:11 4:29 5:09
3 Stars
1 - Wojtek Wolski (Bos)
2 - Eric Lindros (Bos)
3 - Vitali Yachmenev (Bos)
Power Play
Bruins - 2 on 6 Attempt(s) - 33,33%
Blue Jackets - 1 on 5 Attempt(s) - 20,00%
Penalty Kill
Bruins - 4 on 5 Attempt(s) - 80,00%
- Score 0 goal in Penalty Kill
Blue Jackets - 4 on 6 Attempt(s) - 66,67%
- Score 0 goal in Penalty Kill
Official
Referees : Fraser Kerry and Meier Brad
Linesman : Dan Schachte and Jonny Murray
Game Notes
Jaroslav Halak enters game at 12:34 of 2nd period
Eric Lindros has scored a Hat Trick!
Branislav Mezei beats up Eric Lindros at 13:37 of 3rd period
Marcus Nilson and Zdeno Chara fight to a draw at 16:48 of 3rd period
Finance
Level 1 -- Attendance: 4720 (78,67%) -- Ticket Income 424 800 $
Level 2 -- Attendance: 3998 (79,96%) -- Ticket Income 219 890 $
Level 3 -- Attendance: 2000 (100,00%) -- Ticket Income 60 000 $
Level 4 -- Attendance: 4000 (100,00%) -- Ticket Income 80 000 $
Luxury Box -- Attendance: 661 (66,10%) -- Ticket Income 122 285 $
Game was played at the Ohio State Arena
Total Attendance: 15379 (85,44%)
Total Ticket Income: 906 975 $
Other Income: 136 046 $
Total Income: 1 043 021 $
Bruins
5 vs 5 Forward
Center Left Wing Right Wing Time % Phy DF OF
1 Eric Lindros Wojtek Wolski Daniel Briere 40 1 2 2
2 Jeff Carter Scott Hartnell Victor Oreskovich 30 1 2 2
3 Dave Bolland Matt Cooke Vitali Yachmenev 20 1 2 2
4 Éric Perrin Michal Grosek Martin Erat 10 1 2 2
5 vs 5 Defense
Defense Defense Time % Phy DF OF
1 Zdeno Chara Andrew Alberts 40 1 2 2
2 Ryan O'Byrne Mark Stuart 30 1 2 2
3 Richard Lintner Christoph Schubert 20 1 2 2
4 Zdeno Chara Andrew Alberts 10 1 2 2
PowerPlay Forward
Center Left Wing Right Wing Time % Phy DF OF
1 Eric Lindros Wojtek Wolski Daniel Briere 60 1 2 2
2 Jeff Carter Scott Hartnell Vitali Yachmenev 40 1 2 2
PowerPlay Defense
Defense Defense Time % Phy DF OF
1 Zdeno Chara Andrew Alberts 60 1 2 2
2 Ryan O'Byrne Christoph Schubert 40 1 2 2
Penalty Kill 4 Players Forward
Center Wing Time % Phy DF OF
1 Eric Lindros Wojtek Wolski 60 1 2 2
2 Daniel Briere Matt Cooke 40 1 2 2
Penalty Kill 4 Players Defense
Defense Defense Time % Phy DF OF
1 Mark Stuart Andrew Alberts 60 1 2 2
2 Ryan O'Byrne Christoph Schubert 40 1 2 2
Penalty Kill - 3 Players Forward
Forward Time % Phy DF OF
1 Matt Cooke 60 1 2 2
2 Wojtek Wolski 40 1 2 2
Penalty Kill - 3 Players Defense
Defense Defense Time % Phy DF OF
1 Mark Stuart Andrew Alberts 60 1 2 2
2 Ryan O'Byrne Christoph Schubert 40 1 2 2
4 vs 4 Forward
Center Wing Time % Phy DF OF
1 Eric Lindros Wojtek Wolski 60 1 2 2
2 Daniel Briere Scott Hartnell 40 1 2 2
4 vs 4 Defense
Defense Defense Time % Phy DF OF
1 Zdeno Chara Andrew Alberts 60 1 2 2
2 Ryan O'Byrne Christoph Schubert 40 1 2 2
Last Minutes Offensive
Center Left Wing Right Wing Defense Defense
Eric Lindros Wojtek Wolski Daniel Briere Zdeno Chara Richard Lintner
Last Minutes Defensive
Center Left Wing Right Wing Defense Defense
Eric Lindros Wojtek Wolski Daniel Briere Ryan O'Byrne Mark Stuart
Goaltenders
Starting : Evgeni Nabokov
Backup : Dan Cloutier
Extra Forwards
Normal : Vitali Yachmenev, Matt Cooke, Michal Grosek - PP : Vitali Yachmenev, Matt Cooke - PK : Michal Grosek
Extra Defensemen
Normal : Richard Lintner, Mark Stuart, Ryan O'Byrne - PP : Richard Lintner - PK : Mark Stuart, Ryan O'Byrne
Penalty Shots
Eric Lindros, Wojtek Wolski, Daniel Briere, Jeff Carter, Zdeno Chara
Blue Jackets
5 vs 5 Forward
Center Left Wing Right Wing Time % Phy DF OF
1 Marc Savard David Booth Pavel Bure 40 1 2 2
2 Jan Bulis Marcus Nilson Ales Kotalik 30 1 2 2
3 Andrew Ebbett Ladislav Nagy Jason Ward 20 1 2 2
4 Greg Campbell Michael Frolik Ben Guite 10 1 2 2
5 vs 5 Defense
Defense Defense Time % Phy DF OF
1 Wade Redden Kevin Bieksa 40 1 2 2
2 Branislav Mezei Derek Morris 30 1 2 2
3 Brad Stuart Shaone Morrisonn 20 1 2 2
4 Wade Redden Kevin Bieksa 10 1 2 2
PowerPlay Forward
Center Left Wing Right Wing Time % Phy DF OF
1 Marc Savard David Booth Pavel Bure 60 1 2 2
2 Jan Bulis Marcus Nilson Ales Kotalik 40 1 2 2
PowerPlay Defense
Defense Defense Time % Phy DF OF
1 Wade Redden Kevin Bieksa 60 1 2 2
2 Branislav Mezei Derek Morris 40 1 2 2
Penalty Kill 4 Players Forward
Center Wing Time % Phy DF OF
1 Marc Savard Pavel Bure 60 1 2 2
2 Jan Bulis David Booth 40 1 2 2
Penalty Kill 4 Players Defense
Defense Defense Time % Phy DF OF
1 Wade Redden Kevin Bieksa 60 1 2 2
2 Branislav Mezei Derek Morris 40 1 2 2
Penalty Kill - 3 Players Forward
Forward Time % Phy DF OF
1 Marc Savard 60 1 2 2
2 Pavel Bure 40 1 2 2
Penalty Kill - 3 Players Defense
Defense Defense Time % Phy DF OF
1 Wade Redden Kevin Bieksa 60 1 2 2
2 Branislav Mezei Derek Morris 40 1 2 2
4 vs 4 Forward
Center Wing Time % Phy DF OF
1 Marc Savard Pavel Bure 60 1 2 2
2 Jan Bulis David Booth 40 1 2 2
4 vs 4 Defense
Defense Defense Time % Phy DF OF
1 Wade Redden Kevin Bieksa 60 1 2 2
2 Branislav Mezei Derek Morris 40 1 2 2
Last Minutes Offensive
Center Left Wing Right Wing Defense Defense
Marc Savard David Booth Pavel Bure Wade Redden Kevin Bieksa
Last Minutes Defensive
Center Left Wing Right Wing Defense Defense
Marc Savard David Booth Pavel Bure Wade Redden Kevin Bieksa
Goaltenders
Starting : Miika Kiprusoff
Backup : Jaroslav Halak
Extra Forwards
Normal : Andrew Ebbett, Ladislav Nagy, Greg Campbell - PP : Andrew Ebbett, Ladislav Nagy - PK : Greg Campbell
Extra Defensemen
Normal : Brad Stuart, Shaone Morrisonn, Branislav Mezei - PP : Brad Stuart - PK : Shaone Morrisonn, Branislav Mezei
Penalty Shots
Marc Savard, Pavel Bure, Jan Bulis, David Booth, Marcus Nilson
% Time on Ice - Bruins
Lines # - Real PCT - Wanted PCT - Time Play
Normal Forward
1 - 33% - 40% - 13:17
2 - 29% - 30% - 11:26
3 - 16% - 20% - 6:11
4 - 22% - 10% - 8:54
Normal Defense
1 - 49% - 40% - 19:22
2 - 30% - 30% - 11:55
3 - 20% - 20% - 7:48
4 - 2% - 10% - 0:43
PP Forward
1 - 63% - 60% - 6:21
2 - 37% - 40% - 3:47
PP Defense
1 - 57% - 60% - 5:44
2 - 43% - 40% - 4:24
PK Forward
1 - 74% - 60% - 5:58
2 - 26% - 40% - 2:07
PK Defense
1 - 77% - 60% - 6:12
2 - 23% - 40% - 1:53
PK3 Forward
1 - 0% - 60%
2 - 0% - 40%
PK3 Defense
1 - 0% - 60%
2 - 0% - 40%
44 Forward
1 - 83% - 60% - 1:39
2 - 17% - 40% - 0:20
44 Defense
1 - 66% - 60% - 1:18
2 - 34% - 40% - 0:41
Last Minute Offensive - 0:00
Last Minute Defensive - 0:00
Total
Forward - 60:00
Defense - 60:00
|
% Time on Ice - Blue Jackets
Lines # - Real PCT - Wanted PCT - Time Play
Normal Forward
1 - 35% - 40% - 14:00
2 - 29% - 30% - 11:37
3 - 20% - 20% - 8:00
4 - 16% - 10% - 6:11
Normal Defense
1 - 43% - 40% - 17:01
2 - 33% - 30% - 13:02
3 - 21% - 20% - 8:31
4 - 3% - 10% - 1:14
PP Forward
1 - 56% - 60% - 4:31
2 - 44% - 40% - 3:34
PP Defense
1 - 62% - 60% - 5:01
2 - 38% - 40% - 3:04
PK Forward
1 - 71% - 60% - 7:12
2 - 29% - 40% - 2:56
PK Defense
1 - 56% - 60% - 5:43
2 - 44% - 40% - 4:25
PK3 Forward
1 - 100% - 60% - 0:03
2 - 0% - 40% - 0:00
PK3 Defense
1 - 100% - 60% - 0:03
2 - 0% - 40% - 0:00
44 Forward
1 - 100% - 60% - 1:56
2 - 0% - 40% - 0:00
44 Defense
1 - 68% - 60% - 1:19
2 - 32% - 40% - 0:37
Last Minute Offensive - 0:00
Last Minute Defensive - 0:00
Total
Forward - 60:00
Defense - 60:00
|
Play by Play
1st period
0:01 of 1st period - Eric Lindros wins face-off versus Marc Savard in neutral zone.
0:26 of 1st period - Ales Kotalik is hit by Victor Oreskovich and loses puck.
0:33 of 1st period - Slapshot by Kevin Bieksa.
0:33 of 1st period - Stopped by Evgeni Nabokov with a rebound.
1:34 of 1st period - Minor Penalty to Marc Savard for Interference.
1:35 of 1st period - Eric Lindros wins face-off versus Greg Campbell in Blue Jackets zone.
2:08 of 1st period - Wrist shot by Vitali Yachmenev.
2:08 of 1st period - Deflect By Jeff Carter.
2:08 of 1st period - Stopped by Miika Kiprusoff with a rebound.
3:34 of 1st period - Penalty to Marc Savard is over, Marc Savard is back on ice.
4:10 of 1st period - Snap shot by Marc Savard.
4:10 of 1st period - Shot Blocked by Michal Grosek.
4:26 of 1st period - Wrist shot by Michal Grosek.
4:26 of 1st period - Shot Misses the Net.
4:28 of 1st period - Slapshot by Zdeno Chara.
4:28 of 1st period - Stopped by Miika Kiprusoff without a rebound.
4:29 of 1st period - Jan Bulis wins face-off versus Eric Lindros in Blue Jackets zone.
4:52 of 1st period - Wrist shot by Andrew Ebbett.
4:52 of 1st period - Shot Misses the Net.
4:54 of 1st period - Slapshot by Ladislav Nagy.
4:54 of 1st period - Shot Misses the Net.
5:04 of 1st period - Snap shot by Andrew Ebbett.
5:04 of 1st period - Shot Misses the Net.
5:18 of 1st period - Wrist shot by Vitali Yachmenev.
5:18 of 1st period - Shot Blocked by Branislav Mezei.
5:20 of 1st period - Wrist shot by Vitali Yachmenev.
5:20 of 1st period - Stopped by Miika Kiprusoff with a rebound.
5:22 of 1st period - Slapshot by Christoph Schubert.
5:22 of 1st period - Shot Blocked by Branislav Mezei.
5:24 of 1st period - Slapshot by Richard Lintner.
5:24 of 1st period - Stopped by Miika Kiprusoff with a rebound.
6:02 of 1st period - Minor Penalty to David Booth for Hooking.
6:03 of 1st period - Eric Lindros wins face-off versus Pavel Bure in Blue Jackets zone.
6:20 of 1st period - Greg Campbell is hit by Wojtek Wolski and loses puck.
6:43 of 1st period - Snap shot by Daniel Briere.
6:43 of 1st period - Shot Misses the Net.
7:13 of 1st period - Wrist shot by Jeff Carter.
7:13 of 1st period - Goal by Jeff Carter - Bruins : 1 - Blue Jackets : 0.
7:14 of 1st period - Jan Bulis wins face-off versus Jeff Carter in neutral zone.
8:14 of 1st period - Wrist shot by Marc Savard.
8:14 of 1st period - Stopped by Evgeni Nabokov with a rebound.
8:28 of 1st period - Snap shot by David Booth.
8:28 of 1st period - Stopped by Evgeni Nabokov with a rebound.
9:00 of 1st period - Snap shot by Pavel Bure.
9:00 of 1st period - Stopped by Evgeni Nabokov with a rebound.
9:02 of 1st period - Slapshot by Kevin Bieksa.
9:02 of 1st period - Stopped by Evgeni Nabokov with a rebound.
9:04 of 1st period - Snap shot by Pavel Bure.
9:04 of 1st period - Stopped by Evgeni Nabokov with a rebound.
9:06 of 1st period - Slapshot by Kevin Bieksa.
9:06 of 1st period - Deflect By Christoph Schubert.
9:06 of 1st period - Stopped by Evgeni Nabokov without a rebound.
9:07 of 1st period - Eric Lindros wins face-off versus Marcus Nilson in Bruins zone.
9:18 of 1st period - Slapshot by Daniel Briere.
9:18 of 1st period - Shot Blocked by Brad Stuart.
9:32 of 1st period - Zdeno Chara is hit by Brad Stuart and loses puck.
9:59 of 1st period - Andrew Alberts is hit by Ben Guite and loses puck.
10:34 of 1st period - Backhand shot by Éric Perrin.
10:34 of 1st period - Stopped by Miika Kiprusoff with a rebound.
10:52 of 1st period - Snap shot by Andrew Ebbett.
10:52 of 1st period - Shot Misses the Net.
10:54 of 1st period - Snap shot by Greg Campbell.
10:54 of 1st period - Stopped by Evgeni Nabokov with a rebound.
10:56 of 1st period - Slapshot by Ben Guite.
10:56 of 1st period - Stopped by Evgeni Nabokov with a rebound.
10:58 of 1st period - Snap shot by Michael Frolik.
10:58 of 1st period - Stopped by Evgeni Nabokov with a rebound.
11:00 of 1st period - Snap shot by Ben Guite.
11:00 of 1st period - Shot Blocked by Jeff Carter.
11:02 of 1st period - Snap shot by Michael Frolik.
11:02 of 1st period - Stopped by Evgeni Nabokov with a rebound.
11:14 of 1st period - Ryan O'Byrne is hit by Branislav Mezei.
11:22 of 1st period - Matt Cooke is hit by Jan Bulis and loses puck.
11:46 of 1st period - Icing by Daniel Briere.
11:47 of 1st period - Éric Perrin wins face-off versus Marc Savard in Bruins zone.
11:52 of 1st period - Wrist shot by Marc Savard.
11:52 of 1st period - Stopped by Evgeni Nabokov with a rebound.
11:54 of 1st period - Slapshot by Kevin Bieksa.
11:54 of 1st period - Stopped by Evgeni Nabokov with a rebound.
12:10 of 1st period - Slapshot by Wojtek Wolski.
12:10 of 1st period - Stopped by Miika Kiprusoff without a rebound.
12:11 of 1st period - Eric Lindros wins face-off versus Jan Bulis in Blue Jackets zone.
12:22 of 1st period - Wrist shot by Marcus Nilson.
12:22 of 1st period - Stopped by Evgeni Nabokov without a rebound.
12:23 of 1st period - Marc Savard wins face-off versus Eric Lindros in Bruins zone.
12:32 of 1st period - Snap shot by Marc Savard.
12:32 of 1st period - Stopped by Evgeni Nabokov with a rebound.
12:37 of 1st period - Minor Penalty to Andrew Alberts for Hooking.
12:38 of 1st period - Marc Savard wins face-off versus Eric Lindros in Bruins zone.
12:45 of 1st period - Wrist shot by David Booth.
12:45 of 1st period - Goal by David Booth - Bruins : 1 - Blue Jackets : 1.
12:46 of 1st period - Eric Lindros wins face-off versus Marc Savard in neutral zone.
12:53 of 1st period - Wrist shot by Eric Lindros.
12:53 of 1st period - Shot Misses the Net.
13:47 of 1st period - Wrist shot by Vitali Yachmenev.
13:47 of 1st period - Shot Misses the Net.
14:08 of 1st period - Slapshot by Andrew Ebbett.
14:08 of 1st period - Shot Blocked by Martin Erat.
14:10 of 1st period - Slapshot by Shaone Morrisonn.
14:10 of 1st period - Shot Blocked by Éric Perrin.
14:12 of 1st period - Wrist shot by Andrew Ebbett.
14:12 of 1st period - Deflect By Ladislav Nagy.
14:12 of 1st period - Shot Blocked by Éric Perrin.
14:12 of 1st period - Puck is out of play.
14:13 of 1st period - Marc Savard wins face-off versus Eric Lindros in Bruins zone.
14:22 of 1st period - Snap shot by David Booth.
14:22 of 1st period - Shot Misses the Net.
14:24 of 1st period - Snap shot by Marc Savard.
14:24 of 1st period - Stopped by Evgeni Nabokov with a rebound.
14:26 of 1st period - Slapshot by Branislav Mezei.
14:26 of 1st period - Stopped by Evgeni Nabokov with a rebound.
14:28 of 1st period - Snap shot by Derek Morris.
14:28 of 1st period - Stopped by Evgeni Nabokov without a rebound.
14:29 of 1st period - Jeff Carter wins face-off versus Jan Bulis in Bruins zone.
15:39 of 1st period - Snap shot by Victor Oreskovich.
15:39 of 1st period - Shot Blocked by David Booth.
15:41 of 1st period - Slapshot by Mark Stuart.
15:41 of 1st period - Stopped by Miika Kiprusoff without a rebound.
15:42 of 1st period - Jan Bulis wins face-off versus Jeff Carter in Blue Jackets zone.
15:55 of 1st period - Snap shot by Marcus Nilson.
15:55 of 1st period - Stopped by Evgeni Nabokov with a rebound.
15:57 of 1st period - Slapshot by Kevin Bieksa.
15:57 of 1st period - Stopped by Evgeni Nabokov without a rebound.
15:58 of 1st period - Eric Lindros wins face-off versus Andrew Ebbett in Bruins zone.
16:37 of 1st period - Snap shot by Victor Oreskovich.
16:37 of 1st period - Shot Misses the Net.
17:13 of 1st period - Slapshot by Martin Erat.
17:13 of 1st period - Deflect By Marc Savard.
17:13 of 1st period - Shot Misses the Net.
17:13 of 1st period - Puck is out of play.
17:14 of 1st period - Marc Savard wins face-off versus Eric Lindros in Blue Jackets zone.
18:45 of 1st period - Wrist shot by Eric Lindros.
18:45 of 1st period - Shot Misses the Net.
2nd period
0:01 of 2nd period - Marc Savard wins face-off versus Eric Lindros in neutral zone.
1:58 of 2nd period - Snap shot by Jeff Carter.
1:58 of 2nd period - Stopped by Miika Kiprusoff with a rebound.
2:16 of 2nd period - Snap shot by Ladislav Nagy.
2:16 of 2nd period - Stopped by Evgeni Nabokov without a rebound.
2:17 of 2nd period - Marc Savard wins face-off versus Eric Lindros in Bruins zone.
2:22 of 2nd period - Snap shot by Wojtek Wolski.
2:22 of 2nd period - Shot Blocked by Wade Redden.
2:24 of 2nd period - Snap shot by Eric Lindros.
2:24 of 2nd period - Goal by Eric Lindros - Bruins : 2 - Blue Jackets : 1.
2:25 of 2nd period - Marc Savard wins face-off versus Daniel Briere in neutral zone.
2:25 of 2nd period - Minor Penalty to Wade Redden for Hooking.
2:26 of 2nd period - Wojtek Wolski wins face-off versus Marc Savard in Blue Jackets zone.
3:27 of 2nd period - Snap shot by Daniel Briere.
3:27 of 2nd period - Shot Blocked by Branislav Mezei.
3:29 of 2nd period - Backhand shot by Daniel Briere.
3:29 of 2nd period - Goal by Daniel Briere - Bruins : 3 - Blue Jackets : 1.
3:30 of 2nd period - Jeff Carter wins face-off versus Jan Bulis in neutral zone.
4:05 of 2nd period - Wrist shot by Matt Cooke.
4:05 of 2nd period - Stopped by Miika Kiprusoff without a rebound.
4:06 of 2nd period - Jeff Carter wins face-off versus Jan Bulis in Blue Jackets zone.
4:17 of 2nd period - Snap shot by Jeff Carter.
4:17 of 2nd period - Shot Misses the Net.
4:19 of 2nd period - Slapshot by Andrew Alberts.
4:19 of 2nd period - Stopped by Miika Kiprusoff without a rebound.
4:20 of 2nd period - Marc Savard wins face-off versus Eric Lindros in Blue Jackets zone.
4:20 of 2nd period - Marc Savard is hit by Eric Lindros.
4:42 of 2nd period - Icing by Andrew Alberts.
4:43 of 2nd period - Jan Bulis wins face-off versus Eric Lindros in Bruins zone.
4:44 of 2nd period - Wrist shot by Ales Kotalik.
4:44 of 2nd period - Shot Misses the Net.
5:00 of 2nd period - Off-side.
5:01 of 2nd period - Jeff Carter wins face-off versus Marc Savard in neutral zone.
5:49 of 2nd period - Andrew Alberts is hit by Ladislav Nagy and loses puck.
5:56 of 2nd period - Snap shot by Wojtek Wolski.
5:56 of 2nd period - Stopped by Miika Kiprusoff with a rebound.
6:22 of 2nd period - Wrist shot by Marc Savard.
6:22 of 2nd period - Stopped by Evgeni Nabokov with a rebound.
8:04 of 2nd period - Wrist shot by Michael Frolik.
8:04 of 2nd period - Stopped by Evgeni Nabokov without a rebound.
8:05 of 2nd period - Eric Lindros wins face-off versus Marc Savard in Bruins zone.
8:05 of 2nd period - Eric Lindros is hit by David Booth.
8:10 of 2nd period - Minor Penalty to Marc Savard for Hooking.
8:11 of 2nd period - Wojtek Wolski wins face-off versus Greg Campbell in Blue Jackets zone.
8:22 of 2nd period - Snap shot by Daniel Briere.
8:22 of 2nd period - Stopped by Miika Kiprusoff with a rebound.
8:24 of 2nd period - Snap shot by Eric Lindros.
8:24 of 2nd period - Deflect By Wojtek Wolski.
8:24 of 2nd period - Stopped by Miika Kiprusoff with a rebound.
8:26 of 2nd period - Wrist shot by Daniel Briere.
8:26 of 2nd period - Stopped by Miika Kiprusoff with a rebound.
8:28 of 2nd period - Slapshot by Zdeno Chara.
8:28 of 2nd period - Shot Blocked by Wade Redden.
10:10 of 2nd period - Penalty to Marc Savard is over, Marc Savard is back on ice.
10:28 of 2nd period - Minor Penalty to Shaone Morrisonn for Elbowing.
10:29 of 2nd period - Marc Savard wins face-off versus Wojtek Wolski in Blue Jackets zone.
10:40 of 2nd period - Branislav Mezei is hit by Daniel Briere and loses puck.
12:24 of 2nd period - Minor Penalty to Marc Savard for Elbowing.
12:24 of 2nd period - Minor Penalty to Martin Erat for Cross-checking.
12:25 of 2nd period - Eric Lindros wins face-off versus Greg Campbell in neutral zone.
12:28 of 2nd period - Penalty to Shaone Morrisonn is over, Shaone Morrisonn is back on ice.
12:32 of 2nd period - Slapshot by Zdeno Chara.
12:32 of 2nd period - Shot Misses the Net.
12:34 of 2nd period - Snap shot by Eric Lindros.
12:34 of 2nd period - Goal by Eric Lindros - Bruins : 4 - Blue Jackets : 1.
12:34 of 2nd period - Jaroslav Halak enters game.
12:35 of 2nd period - Eric Lindros wins face-off versus Andrew Ebbett in neutral zone.
12:40 of 2nd period - Wrist shot by Wojtek Wolski.
12:40 of 2nd period - Shot Blocked by Wade Redden.
12:42 of 2nd period - Slapshot by Zdeno Chara.
12:42 of 2nd period - Shot Misses the Net.
12:44 of 2nd period - Wrist shot by Eric Lindros.
12:44 of 2nd period - Goal by Eric Lindros - Bruins : 5 - Blue Jackets : 1.
12:45 of 2nd period - Eric Lindros wins face-off versus Andrew Ebbett in neutral zone.
12:54 of 2nd period - Snap shot by Wojtek Wolski.
12:54 of 2nd period - Stopped by Jaroslav Halak with a rebound.
12:56 of 2nd period - Backhand shot by Eric Lindros.
12:56 of 2nd period - Stopped by Jaroslav Halak without a rebound.
12:57 of 2nd period - Andrew Ebbett wins face-off versus Eric Lindros in Blue Jackets zone.
13:22 of 2nd period - Andrew Alberts is hit by Pavel Bure and loses puck.
14:11 of 2nd period - Slapshot by Matt Cooke.
14:11 of 2nd period - Shot Blocked by Andrew Ebbett.
14:13 of 2nd period - Wrist shot by Matt Cooke.
14:13 of 2nd period - Goal by Matt Cooke - Bruins : 6 - Blue Jackets : 1.
14:14 of 2nd period - Eric Lindros wins face-off versus Andrew Ebbett in neutral zone.
14:17 of 2nd period - Pavel Bure is hit by Wojtek Wolski and loses puck.
14:24 of 2nd period - Penalty to Marc Savard is over, Marc Savard is back on ice.
14:24 of 2nd period - Penalty to Martin Erat is over, Martin Erat is back on ice.
14:36 of 2nd period - Snap shot by Marc Savard.
14:36 of 2nd period - Stopped by Evgeni Nabokov with a rebound.
14:40 of 2nd period - Snap shot by Pavel Bure.
14:40 of 2nd period - Shot Misses the Net.
14:42 of 2nd period - Slapshot by Wade Redden.
14:42 of 2nd period - Shot Misses the Net.
14:44 of 2nd period - Slapshot by Andrew Ebbett.
14:44 of 2nd period - Deflect By Pavel Bure.
14:44 of 2nd period - Shot Misses the Net.
14:44 of 2nd period - Puck is out of play.
14:45 of 2nd period - Scott Hartnell wins face-off versus Jan Bulis in Bruins zone.
14:54 of 2nd period - Snap shot by Ryan O'Byrne.
14:54 of 2nd period - Shot Misses the Net.
14:56 of 2nd period - Wrist shot by Scott Hartnell.
14:56 of 2nd period - Deflect By Victor Oreskovich.
14:56 of 2nd period - Shot Misses the Net.
14:56 of 2nd period - Puck is out of play.
14:57 of 2nd period - Marc Savard wins face-off versus Eric Lindros in Blue Jackets zone.
15:08 of 2nd period - Marc Savard is hit by Eric Lindros and loses puck.
15:22 of 2nd period - Minor Penalty to Victor Oreskovich for Tripping.
15:23 of 2nd period - Marc Savard wins face-off versus Eric Lindros in Bruins zone.
15:37 of 2nd period - Off-side.
15:38 of 2nd period - Marc Savard wins face-off versus Eric Lindros in neutral zone.
16:03 of 2nd period - Eric Lindros is hit by Ales Kotalik and loses puck.
16:08 of 2nd period - Slapshot by Ales Kotalik.
16:08 of 2nd period - Shot Misses the Net.
17:22 of 2nd period - Penalty to Victor Oreskovich is over, Victor Oreskovich is back on ice.
17:34 of 2nd period - Mark Stuart is hit by Andrew Ebbett and loses puck.
18:32 of 2nd period - Andrew Ebbett is hit by Ryan O'Byrne and loses puck.
18:45 of 2nd period - Jeff Carter is hit by Wade Redden and loses puck.
19:24 of 2nd period - Branislav Mezei is hit by Martin Erat and loses puck.
19:34 of 2nd period - Icing by Mark Stuart.
19:35 of 2nd period - Martin Erat wins face-off versus Andrew Ebbett in Bruins zone.
19:48 of 2nd period - Wojtek Wolski is hit by Jason Ward and loses puck.
3rd period
0:01 of 3rd period - Eric Lindros wins face-off versus Marc Savard in neutral zone.
0:15 of 3rd period - Double Minor Penalty to Mark Stuart for High sticking.
0:16 of 3rd period - Marc Savard wins face-off versus Eric Lindros in Bruins zone.
2:32 of 3rd period - Wojtek Wolski is hit by Ben Guite and loses puck.
4:15 of 3rd period - Penalty to Mark Stuart is over, Mark Stuart is back on ice.
4:27 of 3rd period - Off-side.
4:28 of 3rd period - Andrew Ebbett wins face-off versus Jeff Carter in neutral zone.
4:35 of 3rd period - Snap shot by Jason Ward.
4:35 of 3rd period - Stopped by Evgeni Nabokov with a rebound.
4:49 of 3rd period - Ben Guite is hit by Martin Erat and loses puck.
5:05 of 3rd period - Shaone Morrisonn is hit by Andrew Alberts and loses puck.
5:21 of 3rd period - Slapshot by Ben Guite.
5:21 of 3rd period - Stopped by Evgeni Nabokov with a rebound.
5:31 of 3rd period - Snap shot by Michael Frolik.
5:31 of 3rd period - Shot Misses the Net.
5:35 of 3rd period - Snap shot by Ben Guite.
5:35 of 3rd period - Goal by Ben Guite - Bruins : 6 - Blue Jackets : 2.
5:36 of 3rd period - Eric Lindros wins face-off versus Marc Savard in neutral zone.
5:40 of 3rd period - Minor Penalty to Daniel Briere for Hooking.
5:41 of 3rd period - Eric Lindros wins face-off versus Marc Savard in Bruins zone.
6:22 of 3rd period - Ryan O'Byrne is hit by Marcus Nilson.
7:29 of 3rd period - Icing by Ales Kotalik.
7:30 of 3rd period - Michal Grosek wins face-off versus Jan Bulis in Blue Jackets zone.
7:33 of 3rd period - Slapshot by Michal Grosek.
7:33 of 3rd period - Deflect By Scott Hartnell.
7:33 of 3rd period - Stopped by Jaroslav Halak without a rebound.
7:34 of 3rd period - Michal Grosek wins face-off versus Marc Savard in Blue Jackets zone.
7:40 of 3rd period - Penalty to Daniel Briere is over, Daniel Briere is back on ice.
7:53 of 3rd period - Snap shot by Vitali Yachmenev.
7:53 of 3rd period - Stopped by Jaroslav Halak without a rebound.
7:54 of 3rd period - Vitali Yachmenev wins face-off versus Jan Bulis in Blue Jackets zone.
8:03 of 3rd period - Wrist shot by Matt Cooke.
8:03 of 3rd period - Shot Blocked by Derek Morris.
8:39 of 3rd period - Minor Penalty to Jason Ward for Slashing.
8:40 of 3rd period - Eric Lindros wins face-off versus Pavel Bure in Blue Jackets zone.
9:41 of 3rd period - Marc Savard is hit by Jeff Carter and loses puck.
10:26 of 3rd period - Ryan O'Byrne is hit by Jan Bulis and loses puck.
10:39 of 3rd period - Penalty to Jason Ward is over, Jason Ward is back on ice.
10:52 of 3rd period - Wrist shot by Martin Erat.
10:52 of 3rd period - Stopped by Jaroslav Halak with a rebound.
10:54 of 3rd period - Backhand shot by Éric Perrin.
10:54 of 3rd period - Shot Blocked by Brad Stuart.
11:11 of 3rd period - Icing by Shaone Morrisonn.
11:12 of 3rd period - Greg Campbell wins face-off versus Jeff Carter in Blue Jackets zone.
11:23 of 3rd period - Wrist shot by Ben Guite.
11:23 of 3rd period - Shot Misses the Net.
11:42 of 3rd period - Snap shot by Kevin Bieksa.
11:42 of 3rd period - Stopped by Evgeni Nabokov without a rebound.
11:43 of 3rd period - Eric Lindros wins face-off versus Pavel Bure in Bruins zone.
11:54 of 3rd period - David Booth is hit by Eric Lindros and loses puck.
12:47 of 3rd period - Wrist shot by Marcus Nilson.
12:47 of 3rd period - Stopped by Evgeni Nabokov with a rebound.
13:09 of 3rd period - Snap shot by Andrew Ebbett.
13:09 of 3rd period - Deflect By Jason Ward.
13:09 of 3rd period - Stopped by Evgeni Nabokov with a rebound.
13:11 of 3rd period - Slapshot by Wade Redden.
13:11 of 3rd period - Stopped by Evgeni Nabokov with a rebound.
13:18 of 3rd period - Icing by Éric Perrin.
13:19 of 3rd period - Eric Lindros wins face-off versus Greg Campbell in Bruins zone.
13:25 of 3rd period - Off-side.
13:26 of 3rd period - Eric Lindros wins face-off versus Jan Bulis in neutral zone.
13:33 of 3rd period - Derek Morris is hit by Ryan O'Byrne and loses puck.
13:37 of 3rd period - Branislav Mezei beats up Eric Lindros.
13:37 of 3rd period - Penalty to Branislav Mezei for Fighting.
13:37 of 3rd period - Penalty to Eric Lindros for Fighting.
13:38 of 3rd period - Vitali Yachmenev wins face-off versus Marc Savard in Blue Jackets zone.
13:42 of 3rd period - Icing by Wade Redden.
13:43 of 3rd period - Vitali Yachmenev wins face-off versus Marc Savard in Blue Jackets zone.
14:59 of 3rd period - Slapshot by Éric Perrin.
14:59 of 3rd period - Stopped by Jaroslav Halak without a rebound.
15:00 of 3rd period - Éric Perrin wins face-off versus Marc Savard in Blue Jackets zone.
15:03 of 3rd period - Wrist shot by Martin Erat.
15:03 of 3rd period - Deflect By Michal Grosek.
15:03 of 3rd period - Stopped by Jaroslav Halak with a rebound.
15:05 of 3rd period - Wrist shot by Michal Grosek.
15:05 of 3rd period - Shot Misses the Net.
15:07 of 3rd period - Wrist shot by Michal Grosek.
15:07 of 3rd period - Shot Misses the Net.
15:13 of 3rd period - Snap shot by Martin Erat.
15:13 of 3rd period - Shot Blocked by Derek Morris.
15:15 of 3rd period - Snap shot by Martin Erat.
15:15 of 3rd period - Shot Blocked by Brad Stuart.
15:57 of 3rd period - Wade Redden is hit by Daniel Briere and loses puck.
16:16 of 3rd period - Slapshot by Michal Grosek.
16:16 of 3rd period - Stopped by Jaroslav Halak with a rebound.
16:18 of 3rd period - Snap shot by Michal Grosek.
16:18 of 3rd period - Stopped by Jaroslav Halak without a rebound.
16:19 of 3rd period - Marc Savard wins face-off versus Vitali Yachmenev in Blue Jackets zone.
16:26 of 3rd period - Wrist shot by Daniel Briere.
16:26 of 3rd period - Shot Blocked by Shaone Morrisonn.
16:48 of 3rd period - Marcus Nilson and Zdeno Chara fight to a draw.
16:48 of 3rd period - Penalty to Marcus Nilson for Fighting.
16:48 of 3rd period - Penalty to Zdeno Chara for Fighting.
16:49 of 3rd period - Vitali Yachmenev wins face-off versus Marc Savard in neutral zone.
17:02 of 3rd period - Snap shot by Wojtek Wolski.
17:02 of 3rd period - Goal by Wojtek Wolski - Bruins : 7 - Blue Jackets : 2.
17:03 of 3rd period - David Booth wins face-off versus Vitali Yachmenev in neutral zone.
17:08 of 3rd period - Snap shot by Marc Savard.
17:08 of 3rd period - Deflect By David Booth.
17:08 of 3rd period - Stopped by Evgeni Nabokov with a rebound.
17:10 of 3rd period - Snap shot by Kevin Bieksa.
17:10 of 3rd period - Shot Blocked by Richard Lintner.
17:12 of 3rd period - Slapshot by Wade Redden.
17:12 of 3rd period - Shot Misses the Net.
17:28 of 3rd period - Wade Redden is hit by Jeff Carter and loses puck.
17:55 of 3rd period - Snap shot by Martin Erat.
17:55 of 3rd period - Shot Blocked by Derek Morris.
17:59 of 3rd period - Snap shot by Éric Perrin.
17:59 of 3rd period - Stopped by Jaroslav Halak without a rebound.
18:00 of 3rd period - Marc Savard wins face-off versus Daniel Briere in Blue Jackets zone.
18:00 of 3rd period - Marc Savard is hit by Wojtek Wolski.
18:27 of 3rd period - Andrew Ebbett is hit by Victor Oreskovich and loses puck.
19:17 of 3rd period - Branislav Mezei is hit by Daniel Briere and loses puck.
19:40 of 3rd period - Branislav Mezei is hit by Andrew Alberts.
Output by the SimonT Hockey Simulator (STHS) for François Prévost -- Original Page W3C XHTML 1.0 Valid